AoeStats
← ricky102603

Arabia

510301013Analyzed
1v1 RM · 3d ago on Sep 30, 2026· 32m 5s· 2 players
Game mode
Random Map
Map size
Tiny (2 player)
Population
200
Speed
Normal
Resources
Standard
Victory
Conquest
Starting age
Dark Age
Ending age
Imperial Age
RankedLock teamsTeams togetherTeam positionsShared explorationLock speedFull tech treeHidden civsTurbo modeCheats
Victory
Defeat
🇹🇼 Ethiopians · Taiwan
999
+18
🇻🇳 Vietnamese · Vietnam
1049
-18
phamquocviet1508
6:39 Loom
9:36 Feudal Age
25:22 Castle Age
23:15 Horse Collar
25:48 Fletching
25:24 Crossbowman
29:14 Double-Bit Axe
30:35 Ballistics
30:33 Padded Archer Armor
ricky102603
7:03 Loom
9:30 Feudal Age
24:10 Castle Age
23:22 Double-Bit Axe
24:09 Fletching
24:20 Padded Archer Armor
24:21 Crossbowman
26:11 Stone Mining
Connection lost

Rejoining the realm…

Still unreachable

The connection could not be restored.

Session expired

The server has moved on; the page needs a fresh start.